 Dungeon Crawl Stone Soup version 0.29.1-4-g47bece8355 (webtiles) character file.

Game seed: 255048248897048908

3232 112233 the Zephyrmancer (level 9, 0/55 HPs)
             Began as a Tengu Air Elementalist on Dec 8, 2022.
             Was an Initiate of Gozag.
             Slain by a wyvern (3 damage)
             ... while petrified by a basilisk
             ... on level 8 of the Dungeon.
             The game lasted 00:07:55 (12565 turns).

112233 the Zephyrmancer (Tengu Air Elementalist)   Turns: 12565, Time: 00:07:56

Health: 0/55       AC:  4    Str:  9    XL:     9   Next: 98%
Magic:  8/18       EV:  2    Int: 19    God:    Gozag
Gold:   360        SH:  0    Dex: 15    Spells: 12/19 levels left

rFire   + . .      SeeInvis .   c - +2 short sword (venom)
rCold   . . .      Faith    .   (no shield)
rNeg    + + +      Spirit   .   J - +1 robe {rF+}
rPois   ∞          Reflect  .   (helmet restricted)
rElec   .          Harm     .   (no cloak)
rCorr   .          Rampage  .   E - +0 pair of gloves
Will    .....                   (boots unavailable)
Stlth   ++........              d - amulet of the acrobat
HPRegen 0.18/turn               j - +4 ring of evasion
MPRegen 0.16/turn               n - +4 ring of evasion

@: petrified, gold aura, flying quickly and evasively, quick
A: beak, talons 3, nimble flight
a: Renounce Religion, Potion Petition, Call Merchant, Bribe Branch


You were on level 8 of the Dungeon.
You worshipped Gozag.
Gozag was aware of your devotion.
You visited 2 branches of the dungeon, and saw 9 of its levels.

You collected 671 gold pieces.
You spent 165 gold pieces at shops.
You paid 146 gold pieces to Gozag.

Inventory:

Hand Weapons
 c - a +2 short sword of venom (weapon)
 x - a +1 spear of flaming
 F - a +2 hammer of venom
Missiles
 e - 3 atropa-tipped darts
 g - 2 throwing nets
 D - 6 curare-tipped darts
Armour
 a - a +1 robe
 y - a +0 buckler
 E - a +0 pair of gloves (worn)
 J - a +1 robe of fire resistance (worn)
 M - a +2 robe of cold resistance
Jewellery
 d - an amulet of the acrobat (around neck)
 j - a +4 ring of evasion (left hand)
 n - a +4 ring of evasion (right hand)
 s - a +4 ring of protection
 u - an amulet of regeneration
 I - a +6 ring of dexterity
Wands
 m - a wand of digging (9)
 t - a wand of roots (6)
 B - a wand of flame (10)
 H - a wand of mindburst (8)
Scrolls
 k - 5 scrolls of magic mapping
 l - 2 scrolls of identify
 o - 2 scrolls of amnesia
 p - 2 scrolls of enchant armour
 K - a scroll of immolation {unknown}
Potions
 b - 3 potions of magic
 f - a potion of might {unknown}
 h - 3 potions of degeneration
 i - 5 potions of heal wounds {unknown}
 q - 3 potions of curing
 r - a potion of ambrosia {unknown}
 w - a potion of mutation {unknown}
 z - 2 potions of invisibility {unknown}
 C - 2 potions of cancellation {unknown}
 G - a potion of haste
 L - a potion of berserk rage {unknown}


   Skills:
 + Level 5.9 Fighting
 + Level 7.0 Dodging
 - Level 2.0 Stealth
 + Level 5.9 Spellcasting
 - Level 1.3 Conjurations
 - Level 11.9 Air Magic


You had 12 spell levels left.
You knew the following spells:

 Your Spells              Type           Power      Damage    Failure   Level
a - Shock                 Conj/Air       100%       1d9       1%          1
b - Static Discharge      Conj/Air       30%        3-7/arc   1%          2
c - Airstrike             Air            25%        2d(4-20)  1%          4

Your spell library contained the following spells:

 Spells                   Type           Power      Damage    Failure   Level
 Swiftness                Air            50%        N/A       1%          3
 Magic Dart               Conj           40%        1d5       6%          1
 Searing Ray              Conj           20%        2d5       10%         2
 Beastly Appendage        Tmut           10%        N/A       12%         1
 Ensorcelled Hibernation  Hex/Ice        10%        N/A       17%         2
 Wereblood                Tmut           5%         N/A       17%         2
 Conjure Flame            Conj/Fire      8%         6-21      26%         3
 Ignite Poison            Fire/Tmut/Pois 5%         N/A       34%         3
 Spider Form              Tmut/Pois      5%         N/A       34%         3
 Fulminant Prism          Conj/Hex       4%         3d6       65%         4
 Hailstorm                Conj/Ice       8%         3d4       65%         4
 Sticky Flame             Conj/Fire      8%         2d3       65%         4
 Anguish                  Hex/Necr       2%         N/A       75%         4
 Ice Form                 Ice/Tmut       5%         N/A       75%         4
 Simulacrum               Ice/Necr       Unusable   N/A       N/A         6

Dungeon Overview and Level Annotations

Branches:
Dungeon (8/15)             Temple (1/1) D:6            Lair (0/5) D:8

Altars:
Cheibriados
Elyvilon
Gozag
Kikubaaqudgha
Zin

Shops:
D:4 ?   D:6 !

Annotations:
D:3 2 runed translucent doors
D:4 1 runed translucent door, Crazy Yiuf
D:5 exclusion: 2 downstairs
D:6 exclusion: downstairs


Innate Abilities, Weirdness & Mutations

You have a beak for a mouth.
You have claws for feet.
Your magical nature lets you fly swiftly and evasively.


Message History

Aiming: Airstrike (dangerous; 1% risk of failure)
Press: ? - help, Dir - move target, f/p - basilisk
Aim: a basilisk (severely wounded, empty space bonus: 8/8)
The air twists around and strikes the basilisk.
The basilisk is severely wounded.
The basilisk hisses angrily.
You hear an angry hiss.
The basilisk gazes at you.
You are slowing down.
As you read the scroll labelled CICONO IRAITIRR, it crumbles to dust.
You assume a fearsome visage.
The basilisk looks frightened!
The death yak looks frightened!
The basilisk looks frightened!
It was a scroll of fear.
A wyvern comes into view.
Your limbs are stiffening.
Unknown command.
As you read the scroll labelled SAHUWY KELATRIRE, it crumbles to dust.
You feel strangely unstable.
It was a scroll of teleportation.
The wyvern is distracted by your dazzling golden aura.
You have turned to stone.
Your surroundings seem slightly different.
Found 3 atropa-tipped darts.
Found a staircase to the Lair.
The basilisk is distracted by your dazzling golden aura.
The basilisk is no longer distracted by gold.
The wyvern is no longer distracted by gold.
The wyvern bites you!! The death yak gores you! The wyvern bites you!
The basilisk gazes at you. You resist with some effort.
The death yak gores you. The wyvern bites you. The wyvern bites you.
The death yak gores you!!
* * * LOW HITPOINT WARNING * * *
The wyvern bites you.
* * * LOW HITPOINT WARNING * * *
The basilisk gazes at you. You resist with some effort.
The death yak gores you!
* * * LOW HITPOINT WARNING * * *
The wyvern bites you!
* * * LOW HITPOINT WARNING * * *
The wyvern bites you!
You die...
Your body crumbles into a pile of gold.

###........#
.....(..####
........#
.........#
....###...##
....##.....## $
... #.......#
..
.#....l..######
#.....Y@.......
.....$.........
.....>.........
...l...........
(..............
.#.P..P..#.....
#..P.P..#.....
##.....##.....


You could see a death yak, a basilisk (fleeing) and a wyvern.

Vanquished Creatures
  Pikel (D:7)
  Joseph (D:7)
  3 wyverns
  A water moccasin (D:7)
  An orc warrior (D:7)
  An ogre (D:5)
  4 lemures (D:7)
  A phantom (D:7)
  A gnoll sergeant (D:6)
  4 scorpions
  12 wights
  3 killer bees (D:7)
  A howler monkey (D:6)
  5 hounds
  3 orc priests
  Ijyb (D:4)
  2 iguanas
  Jessica (D:3)
  2 orc wizards
  5 adders
  5 gnolls (D:6)
  3 ufetubi
  A worm (D:2)
  5 dart slugs
  19 orcs
  4 bats
  6 endoplasms
  3 giant cockroaches
  4 goblins
  5 hobgoblins
  7 kobolds
  A quokka (D:1)
  5 ball pythons
  3 rats
124 creatures vanquished.

Notes
Turn   | Place    | Note
-------+----------+-------------------------------------------
     0 | D:1      | 112233 the Tengu Air Elementalist began the quest for the
                  | Orb.
     0 | D:1      | Reached XP level 1. HP: 10/10 MP: 4/4
   208 | D:1      | Reached XP level 2. HP: 15/15 MP: 0/6
   454 | D:1      | Reached skill level 5 in Air Magic
   897 | D:2      | Reached XP level 3. HP: 19/19 MP: 2/7
  1252 | D:2      | Found a white marble altar of Elyvilon.
  1498 | D:2      | Reached skill level 6 in Air Magic
  1951 | D:3      | Noticed Jessica
  2389 | D:2      | Reached XP level 4. HP: 24/24 MP: 6/8
  2392 | D:2      | Learned a level 2 spell: Static Discharge
  2958 | D:3      | Killed Jessica
  2970 | D:3      | Reached skill level 7 in Air Magic
  2970 | D:3      | Gained mutation: Your magical nature lets you fly swiftly
                  | and evasively. [Tengu growth]
  2970 | D:3      | Reached XP level 5. HP: 24/28 MP: 0/9
  3047 | D:3      | Found a large runed translucent door.
  3048 | D:3      | Found a large runed translucent door.
  3585 | D:4      | Found Ugule's Magic Scroll Emporium.
  3655 | D:4      | Reached skill level 8 in Air Magic
  3933 | D:4      | Reached XP level 6. HP: 31/32 MP: 2/10
  4071 | D:4      | Noticed Ijyb
  4119 | D:5      | Entered Level 5 of the Dungeon
  4337 | D:5      | Reached skill level 9 in Air Magic
  4701 | D:5      | Reached skill level 10 in Air Magic
  4701 | D:5      | Reached XP level 7. HP: 29/36 MP: 3/11
  5380 | D:6      | Found Datiuron's Distillery.
  5435 | D:6      | Reached skill level 11 in Air Magic
  5610 | D:6      | Found a snail-covered altar of Cheibriados.
  6293 | D:5      | Learned a level 4 spell: Airstrike
  6692 | D:4      | Reached XP level 8. HP: 41/41 MP: 7/12
  6817 | D:4      | Found a glowing silver altar of Zin.
  7255 | D:4      | Found a runed translucent door.
  7256 | D:4      | Noticed Crazy Yiuf
  7493 | D:4      | Killed Ijyb
  7796 | D:6      | Found a staircase to the Ecumenical Temple.
  7814 | Temple   | Entered the Ecumenical Temple
  7878 | Temple   | Became a worshipper of Gozag Ym Sagoz the Greedy
  8133 | D:6      | Reached skill level 1 in Fighting
  9332 | D:6      | Bought a potion of haste for 110 gold pieces
  9332 | D:6      | Bought 2 potions of degeneration for 22 gold pieces
  9332 | D:6      | Bought a potion of curing for 33 gold pieces
 10764 | D:7      | Reached XP level 9. HP: 52/52 MP: 7/16
 10978 | D:7      | Reached skill level 5 in Dodging
 11169 | D:7      | Found an ancient bone altar of Kikubaaqudgha.
 11348 | D:7      | Noticed Joseph
 11352 | D:7      | Killed Joseph
 11496 | D:7      | Reached skill level 5 in Spellcasting
 11917 | D:7      | Reached skill level 5 in Fighting
 11947 | D:7      | Noticed Pikel
 12062 | D:7      | Killed Pikel
 12553 | D:8      | Noticed a death yak
 12558 | D:8      | Found a staircase to the Lair.
 12565 | D:8      | Slain by a wyvern

Illustrated notes

Levels and vault maps discovered:
D:1:      scummos_arrival_hexagon, layout_basic
D:2:      layout_loops_ring, basic_altar
D:3:      layout_loops_cross, jmf_multi_god_temple2, uniq_jessica
D:4:      layout_gridville, lemuel_tele_altar, serial_shops,
          nicolae_shop_crystal, uniq_crazy_yiuf_cottage, uniq_ijyb
D:5:      layout_loops_ring
D:6:      layout_basic, overflow_temple_1_default, temple_green, serial_shops,
          nicolae_stop_n_shop_2
D:7:      layout_layer_cave, kiku_gazebo_garden_becter, uniq_joseph, uniq_pikel
D:8:      layout_gridville, david_lair_generic
Temple:   nicolae_temple_figure_eight

Skill      XL: |  1  2  3  4  5  6  7  8  9 |
---------------+----------------------------+-----
Air Magic      | 5 6 7 8 10 11 | 11.9
Fighting       | 3 5 |  5.9
Dodging        | 4 7 |  7.0
Spellcasting   | 4 5 |  5.9
Stealth        | |  2.0
Conjurations   | |  1.3

Action                   |  1- 3 |  4- 6 |  7- 9 || total
-------------------------+-------+-------+-------++-------
Melee: Short sword       |     8 |     3 |     6 ||    17
       Peck              |     2 |     1 |     1 ||     4
       Kick              |     2 |       |     3 ||     5
 Cast: Shock             |    67 |    78 |    38 ||   183
       Static Discharge  |       |    13 |    14 ||    27
       Airstrike         |       |       |    81 ||    81
Evoke: Wand              |       |       |     1 ||     1
  Use: Potion            |       |     2 |       ||     2
       Scroll            |       |       |     7 ||     7
Armor: Robe              |       |     3 |     1 ||     4
Dodge: Dodged            |    14 |    17 |    51 ||    82
